 Dungeon Crawl Stone Soup version 0.31.0-12-g77e489cdc1 (webtiles) character file.

Game seed: 2814504553761220592

158 NotreDorf the Poker (level 5, -1/41 HPs)
             Began as a Merfolk Gladiator on Feb 12, 2024.
             Slain by Robin
             ... wielding a +0 trident
              (2 damage)
             ... on level 3 of the Dungeon.
             The game lasted 00:14:29 (2515 turns).

NotreDorf the Poker (Merfolk Gladiator)             Turns: 2515, Time: 00:14:30

Health: -1/41      AC:  4    Str: 14 (16) XL:     5   Next: 40%
Magic:  1/1        EV:  8    Int:  7 (8)  God:
Gold:   178        SH: 13    Dex: 13 (15) Spells: 4/4 levels left

rFire   . . .        o - +0 trident (antimagic)
rCold   . . .        k - +2 tower shield
rNeg    . . .        b - +0 leather armour
rPois   .            g - +0 helmet
rElec   .            (no cloak)
rCorr   .            (no gloves)
SInv    .            (no boots)
Will    +....        (no amulet)
Stlth   ++           (no ring)
HPRegen 0.26/turn    (no ring)
MPRegen 0.07/turn

%: no passive effects
@: enlightened
A: (nimble swimmer 2), mertail
a: no special abilities


You were on level 3 of the Dungeon.
You visited 1 branch of the dungeon, and saw 4 of its levels.

You collected 178 gold pieces.

Inventory:

Hand Weapons
 a - a +0 trident
 o - a +0 antimagic trident (weapon)
Missiles
 d - 4 throwing nets (quivered)
Armour
 b - a +0 leather armour (worn)
 g - a +0 helmet (worn)
 k - a +2 tower shield (worn)
Jewellery
 n - an amulet of guardian spirit
 p - a +6 ring of strength
Scrolls
 f - 2 scrolls of amnesia {unknown}
 i - a scroll of teleportation {unknown}
 j - a scroll of identify {unknown}
Potions
 e - 2 potions of enlightenment
 l - 2 potions of ambrosia {unknown}
 m - a potion of magic {unknown}


   Skills:
 + Level 3.2 Fighting
 + Level 4.9 Polearms
 + Level 2.7 Throwing
 + Level 4.8 Dodging
 + Level 2.2 Stealth
 + Level 1.4 Shields


You had 4 spell levels left.
You didn't know any spells.
Your spell library contained the following spells:

 Spells                   Type           Power      Damage    Failure   Level
 Freeze                   Ice            0%         1d3       100%        1
 Frozen Ramparts          Ice            0%         1d1       100%        3
 Hailstorm                Conj/Ice       0%         3d5       100%        3


Dungeon Overview and Level Annotations

Branches:
Dungeon (4/15)
 Temple: D:4-7

Altars:
Fedhas
Vehumet

Shops:
D:3 [

Annotations:
D:3 1 runed translucent door, Crazy Yiuf, Grinder, Robin


Innate Abilities, Weirdness & Mutations

((You are very nimble when in or above water. (Stealth+, EV+, Speed+++)))
Your lower body shifts to a powerful aquatic tail in water.


Message History

* * * LOW HITPOINT WARNING * * *
You hit the goblin.
The goblin is heavily wounded.
The hobgoblin no longer looks unusually strong.
You block the goblin's attack. The goblin barely misses you.
You block Robin's attack. You block the hobgoblin's attack.
You block the goblin's attack. The goblin hits you with a +0 dagger.
* * * LOW HITPOINT WARNING * * *
Okay, then.
Okay, then.
You hit the goblin.
The goblin is moderately wounded.
The goblin no longer looks unusually strong.
Robin hits you but does no damage. The hobgoblin barely misses you.
The goblin barely misses you. x2; The hobgoblin barely misses you.
Robin roars a battlecry!
The goblins go into a battle-frenzy!
You closely miss the hobgoblin.
You float gracefully downwards.
The goblin hits you with a +0 dagger.
* * * LOW HITPOINT WARNING * * *
The goblin completely misses you.
Robin hits you from afar with a +0 trident.
* * * LOW HITPOINT WARNING * * *
You block the hobgoblin's attack. The goblin barely misses you. x2
You block Robin's attack. You block the hobgoblin's attack.
You closely miss the hobgoblin. You block the goblin's attack. x2
Robin says, "My goblins will feast on your bones."
Robin barely misses you. You block the hobgoblin's attack.
The goblin hits you but does no damage.
You hit the hobgoblin.
The hobgoblin is heavily wounded.
The goblin no longer looks unusually strong.
You block the goblin's attack.
Robin says, "Bow before me, strongest of all the hobgoblins!"
You block Robin's attack. The hobgoblin hits you.
* * * LOW HITPOINT WARNING * * *
You block the goblin's attack. x2
Robin hits you from afar with a +0 trident.
You die...
Robin calls out, "Let's celebrate!
Time for a feast!"

#################
##≈≈g@#..)#......# #####
#≈≈≈.ggg..)......# ....##
##≈≈≈).#...#......# ###..#
#≈≈#########).##''# ##.##
##≈≈#..........#...# #..#
##...+..........#..g#
##.###....+..........#..g#
#........+..........#.g.#
##..###≈≈#..........#.gg#


You could see Robin, a hobgoblin (strong) and 2 goblins.

Vanquished Creatures
  A hound (D:3)
  Terence (D:3)
  An adder (D:4)
  4 dart slugs
  5 ribbon worms (D:2)
  3 orcs
  A ball python (D:1)
  7 bats
  4 endoplasms
  2 giant cockroaches
  14 goblins
  7 hobgoblins
  5 jackals
  2 quokkas
  3 frilled lizards
  2 kobolds
  4 rats
66 creatures vanquished.

Notes
Turn   | Place    | Note
-------+----------+-------------------------------------------
     0 | D:1      | NotreDorf the Merfolk Gladiator began the quest for the
                  | Orb.
     0 | D:1      | Reached XP level 1. HP: 16/16 MP: 1/1
   244 | D:1      | Reached XP level 2. HP: 23/23 MP: 2/2
   317 | D:1      | Found a faded altar of an unknown god.
   448 | D:1      | Reached skill level 1 in Stealth
   748 | D:2      | Reached XP level 3. HP: 16/28 MP: 3/3
  1545 | D:3      | Noticed Terence
  1557 | D:3      | Killed Terence
  1558 | D:3      | Reached skill level 1 in Shields
  1558 | D:3      | Reached XP level 4. HP: 4/34 MP: 4/4
  1737 | D:3      | Found Jasyph's Antique Armour Shop.
  1750 | D:3      | Noticed Grinder
  1763 | D:3      | Found a blossoming altar of Fedhas.
  1767 | D:3      | HP: 1/34 [Grinder (6)]
  1940 | D:3      | Found a radiant altar of Vehumet.
  2052 | D:3      | Reached XP level 5. HP: 3/41 MP: 5/5
  2420 | D:3      | Found a runed translucent door.
  2421 | D:3      | Noticed Crazy Yiuf
  2479 | D:3      | Noticed Robin
  2515 | D:3      | HP: 1/41 [hobgoblin[Robin] (4)]
  2515 | D:3      | Slain by Robin

Illustrated notes

Levels and vault maps discovered:
D:1:      giann_bridges, layout_basic,
          shapermc_ecumenical_altar_mp_urbaneastern, st_stairs_7,
          grunt_decor_arrowhead, minmay_misc_feat_enclosed, minivault_26
D:2:      layout_rooms, serial_aquarium, aquarium_bridge_square
          [aquarium_subvault_bridge, aquarium_subvault_bridge,
          aquarium_subvault_balcony, aquarium_subvault_wall],
          aquarium_window_corner, aquarium_window_fake, aquarium_window_2,
          aquarium_window_1, aquarium_view_2f, aquarium_pool_2,
          minmay_pentomino_p4
D:3:      kennysheep_goblin_castle, layout_rooms, fiery_altar_vehumet,
          fedhas_ov_isle_minmay, serial_shops, nicolae_shop_behind_doors,
          minivault_5, uniq_terence, uniq_crazy_yiuf_cottage, uniq_grinder
D:4:      layout_rooms, old_standard_altar, serial_shops, shop,
          nicolae_grassy_gnolls

Skill      XL: |  1  2  3  4 |
---------------+-------------+-----
Stealth        | 1 2 |  2.2
Shields        | 1 |  1.4
Fighting       | 3 |  3.2
Polearms       | |  4.9
Throwing       | |  2.7
Dodging        | |  4.8

Action                     |  1- 3 |  4- 6 || total
---------------------------+-------+-------++-------
  Melee: Trident           |   144 |   111 ||   255
         Tailslap          |       |     1 ||     1
  Throw: Throwing net      |       |     3 ||     3
    Use: Potion            |       |     3 ||     3
   Stab: Sleeping          |     4 |     7 ||    11
 Armour: Leather armour    |    69 |    72 ||   141
  Dodge: Dodged            |    58 |    45 ||   103
  Block: Tower shield      |    87 |   148 ||   235
